 Dungeon Crawl Stone Soup version 0.24.0-13-gcf9b3192b9 (console) character file.

Game seed: 10295728882486318646, levelgen mode: deterministic

214 AlterAsc the Skirmisher (level 5, 0/58 HPs)
             Began as an Ogre Fighter on Nov 6, 2019.
             Was a Follower of the Shining One.
             Slain by an orc priest
             ... wielding a +0 trident
              (7 damage)
             ... on level 3 of the Dungeon.
             The game lasted 00:06:54 (2410 turns).

AlterAsc the Skirmisher (Ogre Fighter)              Turns: 2410, Time: 00:06:54

Health: 0/58       AC:  3    Str: 21    XL:     5   Next: 91%
Magic:  5/5        EV:  8    Int:  9    God:    the Shining One [*.....]
Gold:   237        SH:  8    Dex:  8    Spells: 4/4 levels left

rFire    . . .     SeeInvis .   a - +0 flail
rCold    . . .     Gourm    .   c - +0 shield
rNeg     . . .     Faith    .   b - +0 robe
rPois    .         Spirit   .   (helmet restricted)
rElec    .         Reflect  .   (no cloak)
rCorr    .         Harm     .   (gloves unavailable)
MR       .....                  (boots unavailable)
Stlth    +.........             (no amulet)
HPRegen  0.19/turn              (no ring)
MPRegen  0.09/turn              (no ring)

@: glowing
A: large, unfitting armour, tough skin 1
a: Renounce Religion


You were on level 3 of the Dungeon.
You worshipped the Shining One.
The Shining One was aware of your devotion.
You were not hungry.

You visited 1 branch of the dungeon, and saw 3 of its levels.

You collected 237 gold pieces.

Inventory:

Hand Weapons
 a - a +0 flail (weapon)
Armour
 b - a +0 robe (worn)
 c - a +0 shield (worn)
 m - a +0 pair of gloves
Scrolls
 g - a scroll of fog {unknown}
 h - a scroll of blinking {unknown}
 i - 2 scrolls of teleportation {unknown}
 j - a scroll of fear {unknown}
 t - a scroll of immolation {unknown}
 u - a scroll of remove curse {unknown}
 w - a scroll of identify {unknown}
Potions
 d - a potion of might
 e - 4 potions of haste {unknown}
 k - 2 potions of curing {unknown}
 l - a potion of invisibility {unknown}
 n - a potion of cancellation {unknown}
 o - a potion of brilliance {unknown}
 q - a potion of degeneration {unknown}
 r - 2 potions of resistance {unknown}
 s - a potion of flight {unknown}
 v - a potion of agility {unknown}
Comestibles
 f - 4 rations
 p - 5 chunks of flesh


   Skills:
 + Level 5.6 Fighting
 * Level 4.2 Maces & Flails
 - Level 3.0 Dodging
 - Level 3.0 Shields


You had 4 spell levels left.
You didn't know any spells.
Your spell library was empty.

Dungeon Overview and Level Annotations

Branches:
Dungeon (3/15)

Altars:
The Shining One


Innate Abilities, Weirdness & Mutations

You are too large for most types of armour.
You have tough skin. (AC +1)


Message History

The orc hits you but does no damage.
The orc priest hits you from afar with a +0 trident!
You sock the orc!
You kill the orc!
The orc priest mumbles some strange prayers to Beogh against you.
Beogh smites you!
The orc priest mumbles some strange prayers to Beogh against you.
Pain shoots through your body!
Items here: ) [ †† a +0 dagger; a cursed +0 ring mail; a rat corpse; an orc corpse You hit the orc priest.
The orc priest is moderately wounded.
The orc priest hits you with a +0 trident!
* * * LOW HITPOINT WARNING * * *
You hit the orc priest but do no damage.
The orc priest is moderately wounded.
The orc priest hits you with a +0 trident!
* * * LOW HITPOINT WARNING * * *
The orc priest hits you from afar with a +0 trident!
You die...

......##(.........#
##.##.##..####.####
##.##.....)<...#
##.#####..######
##.#####..# .
##........## ..
########...# #.##. #
#...# ######...... #
#...# #..@)oo# #
#####...###.####.#
####...........####.#..
..........).(..........
.###...........####.#.#
## #####...###.####.# #
#...# #......# # #...#
######## #...#


You could see an orc priest and an orc.

Vanquished Creatures
  An orc wizard (D:3)
  3 gnolls (D:2)
  8 adders
  2 worms (D:2)
  3 dart slugs
  4 leopard geckos
  5 orcs
  5 bats
  3 giant cockroaches (D:2)
  6 goblins
  5 hobgoblins
  7 kobolds
  4 quokkas
  2 ball pythons
  3 frilled lizards
  8 rats
69 creatures vanquished.

Notes
Turn   | Place    | Note
-------+----------+-------------------------------------------
     0 | D:1      | AlterAsc the Ogre Fighter began the quest for the Orb.
     0 | D:1      | Reached XP level 1. HP: 24/24 MP: 1/1
   155 | D:1      | Reached XP level 2. HP: 29/32 MP: 2/2
   296 | D:1      | Found a glowing golden altar of the Shining One.
   303 | D:1      | Became a worshipper of the Shining One
   587 | D:2      | Reached XP level 3. HP: 31/40 MP: 3/3
   958 | D:2      | Reached XP level 4. HP: 19/49 MP: 4/4
  1317 | D:2      | Reached skill level 5 in Fighting
  1377 | D:2      | Reached XP level 5. HP: 50/57 MP: 5/5
  1539 | D:2      | Reached * piety under the Shining One
  2410 | D:3      | Slain by an orc priest

Levels and vault maps discovered:
D:1:      psy_arrival_dodecagon, layout_loops_ring, tso_altar
D:2:      layout_basic, first_ration
D:3:      layout_loops_cross

Skill      XL: |  1  2  3  4  5 |
---------------+----------------+-----
Maces & Flails | 2 3 4 |  4.2
Shields        | 3 |  3.0
Dodging        | 3 |  3.0
Fighting       | 5 |  5.6

Action                   |  1- 3 |  4- 6 || total
-------------------------+-------+-------++-------
Melee: Flail             |    96 |   108 ||   204
  Use: Potion            |     1 |       ||     1
  Eat: Chunk             |       |     5 ||     5
Armor: Robe              |    28 |    16 ||    44
Dodge: Dodged            |    57 |    42 ||    99
Block: Shield            |    52 |    46 ||    98
